 Dungeon Crawl Stone Soup version 0.31-a0-557-g6e16503903 (webtiles) character file.

Game seed: 11941097770182788592

7 ytrimaz the Changeling (level 2, 0/18 HPs)
             Began as an Octopode Shapeshifter on Aug 16, 2023.
             Slain by a gnoll
             ... wielding a +0 club
              (5 damage)
             ... on level 1 of the Dungeon.
             The game lasted 00:00:21 (223 turns).

ytrimaz the Changeling (Octopode Shapeshifter)       Turns: 223, Time: 00:00:22

Health: 0/18       AC:  1    Str: 14    XL:     2   Next: 4%
Magic:  2/2        EV: 13    Int: 10    God:
Gold:   22         SH:  0    Dex: 12    Spells: 1/1 levels left

rFire   . .          .
                       - Unarmed
rCold   . . .        (no shield)
rNeg    . . .        (helmet currently unavailable)
rPois   .            (no amulet)
rElec   .            (no ring)
rCorr   .            (no ring)
SInv    .            (no ring)
Will    .....        (no ring)
Stlth   +++          (no ring)
HPRegen 0.23/turn    (no ring)
MPRegen 0.08/turn    (no ring)
                     (no ring)

%: no passive effects
@: beast-form
A: beast (slay +2), almost no armour, amphibious, 8 rings, camouflage 1,
gelatinous body 1, (nimble swimmer 1), tentacles
a: Begin Untransformation


You were on level 1 of the Dungeon.
You were a hulking beast.
You visited 1 branch of the dungeon, and saw 1 of its levels.

You collected 22 gold pieces.


Innate Abilities, Weirdness & Mutations

You are a hulking beast.
Your limbs bulge with bestial killing power. (Slay +2)
You cannot wear most types of armour.
You are amphibious.
You can wear up to eight rings at the same time.
Your skin changes colour to match your surroundings (Stealth+).
Your rubbery body absorbs attacks. (AC +1, EV +1)
((You are camouflaged when in or above water. (Stealth+)))
You have tentacles for arms and can constrict up to eight enemies at once.


   Skills:
 - Level 1.0 Fighting
 - Level 2.0 Dodging
 + Level 1.2 Stealth
 - Level 3.0 Unarmed Combat
 * Level 3.2 Shapeshifting


You had one spell level left.
You didn't know any spells.
Your spell library was empty.

Inventory:

Talismans
 b - a beast talisman (active)
 c - a flux talisman
Scrolls
 e - a scroll of enchant weapon {unknown}
 f - a scroll of immolation {unknown}
 g - a scroll of teleportation {unknown}
Potions
 a - a potion of lignification
 d - 3 potions of haste {unknown}

Dungeon Overview and Level Annotations

Branches:
Dungeon (1/15) Zot: 5777

Altars:

†........####..####.....##
...>..............†......+
.....###.#####.####.##.###
.....# #.# #.#.....#
.....# #.# #.#.##..#
###### #.# #.#.....# #.#
#.###.#.# #.# #.###.###.#
#.# #.gh......#
#.##...S###.##### #.##...
#.# #.##.. #.# #.##. #..
#.## ### #)# # #.# # #.#


You could see a gnoll and a ball python.


Message History

The quokka bites you. 😮 HP[-4]
You take 4 damage, and now have 8/13 hp.
MASSIVE DAMAGE!! (PAUSE)
You tentacle-slap the quokka. You constrict the quokka. The quokka bites you.
* * * LOW HITPOINT WARNING * * *
You are too injured to fight recklessly! 😨 HP[-3]
You take 3 damage, and now have 5/13 hp.
MASSIVE DAMAGE!! (PAUSE)
You tentacle-slap the quokka but do no damage.
You constrict the quokka, but do no damage.
The quokka completely misses you.
You are too injured to fight recklessly!
You tentacle-slap the quokka but do no damage.
You constrict the quokka, but do no damage.
The quokka closely misses you.
You are too injured to fight recklessly!
You tentacle-slap the quokka.
You kill the quokka!
Your Stealth skill increases to level 1!
Unknown command.
You see here a quokka corpse. 😨 HP[+1]
You now have 22 gold pieces (gained 3).
As you open the door, it creaks loudly! 😎 HP[+7]
Your hp is fully restored (13).
There is an open door here.
You open the door.
A frilled lizard comes into view.
A frilled lizard is nearby!
A frilled lizard is nearby!
The frilled lizard hisses angrily.
The frilled lizard bites you.
There is an open door here. 😕 HP[-1]
You take 1 damage, and now have 12/13 hp.
You tentacle-slap the frilled lizard.
You kill the frilled lizard!
You have reached level 2! 😕 HP[+5] MP[+1]
You now have 18 max hp (+5).
You regained 5 hp, and now have 17/18 hp.
Your mp is fully restored (2).
No target in view!
You open the door.
There is an open door here.
You open the door.
There is an open door here.
Key pressed, stopping explore.
You open the door.
There is an open door here.
A ball python comes into view.
The ball python hisses angrily. 😎 HP[+1]
Your hp is fully restored (18).
A ball python is nearby!
A ball python is nearby!
A ball python is nearby!
You tentacle-slap the ball python.
You kill the ball python!
No target in view!
Unknown command.
You see here a ball python corpse.
No target in view!
f - a scroll labelled PEMPENUZAI No target in view!
g - a scroll labelled QERECI HYNATU Unknown command.
A gnoll comes into view. It is wielding a +0 club.
The gnoll shouts!
A gnoll is nearby!
A gnoll is nearby!
A ball python comes into view.
The gnoll hits you with a +0 club. 😮 HP[-6]
You take 6 damage, and now have 12/18 hp.
MASSIVE DAMAGE!! (PAUSE)
You completely miss the gnoll.
The ball python hisses angrily.
You grab the gnoll.
You constrict the gnoll, but do no damage.
The gnoll barely misses you.
You barely miss the gnoll.
You tentacle-slap the gnoll, but do no damage.
You constrict the gnoll. The gnoll hits you with a +0 club.
* * * LOW HITPOINT WARNING * * *
😨 HP[-5]
You take 5 damage, and now have 7/18 hp.
MASSIVE DAMAGE!! (PAUSE)
You tentacle-slap the gnoll. You constrict the gnoll.
The gnoll hits you with a +0 club.
* * * LOW HITPOINT WARNING * * *
😨 HP[-2]
You take 2 damage, and now have 5/18 hp.
You tentacle-slap the gnoll.
You constrict the gnoll, but do no damage.
The gnoll hits you with a +0 club.
You die...

Skill      XL: |  1 |
---------------+----+-----
Stealth        | 1 |  1.2
Fighting       | |  1.0
Dodging        | |  2.0
Unarmed Combat | |  3.0
Shapeshifting  | |  3.2

Action                     || total
---------------------------++-------
  Melee: Unarmed           ||    21
         Constrict         ||     4
         Tentacles         ||     3
         Punch             ||     1
  Dodge: Dodged            ||    13

Levels and vault maps discovered:
D:1:      dpeg_arrival_tiny_k, layout_basic, kennysheep_another_room,
          bh_walls_and_bars

Notes
Turn   | Place    | Note
-------+----------+-------------------------------------------
     0 | D:1      | ytrimaz the Octopode Shapeshifter began the quest for the
                  | Orb.
     0 | D:1      | Reached XP level 1. HP: 13/13 MP: 1/1
     0 | D:1      | magus.rc [v1.9.6]
   119 | D:1      | Reached skill level 1 in Stealth
   172 | D:1      | Reached XP level 2. HP: 17/18 MP: 2/2
   223 | D:1      | Slain by a gnoll

Vanquished Creatures
  A hobgoblin (D:1)
  A quokka (D:1)
  A ball python (D:1)
  A frilled lizard (D:1)
  3 kobolds (D:1)
  A rat (D:1)
8 creatures vanquished.

Table legend:
 A = Non-vault XP
 B = Vault XP
 C = Vault XP percentage of total XP
 D = Non-vault monster count
 E = Vault monster count
 F = Vault count percentage of total count
                 A         B        C        D         E       F
            +---------+---------+-------+---------+---------+-------
      Total |      11 |       0 |   0.0 |       8 |       0 |   0.0
            +---------+---------+-------+---------+---------+-------
        D:1 |      11 |       0 |   0.0 |       8 |       0 |   0.0
            +---------+---------+-------+---------+---------+-------

Skill      XL: |  1 |
---------------+----+-----
Stealth        | 1 |  1.2
Fighting       | |  1.0
Dodging        | |  2.0
Unarmed Combat | |  3.0
Shapeshifting  | |  3.2

Action                     || total
---------------------------++-------
  Melee: Unarmed           ||    21
         Constrict         ||     4
         Tentacles         ||     3
         Punch             ||     1
  Dodge: Dodged            ||    13

Illustrated notes

Table legend:
 A = Kills in this place as a percentage of kills in the entire game.
 B = Kills by you in this place as a percentage of kills by you in the entire game.
 C = Kills by friends in this place as a percentage of kills by friends in the entire game.
 D = Other kills in this place as a percentage of other kills in the entire game.
 E = Experience gained in this place as a percentage of experience gained in the entire game.
 F = Experience gained in this place divided by the number of levels of this place that you have seen.
                   A       B       C       D       E      F
               +-------+-------+-------+-------+-------+----------------------
         Total | 100.0 | 100.0 |   N/A |   N/A | 100.0 |  11.0
       Dungeon | 100.0 | 100.0 |   N/A |   N/A | 100.0 |  11.0
               +-------+-------+-------+-------+-------+----------------------

Table legend: (Time is in decaauts)
 A = Elapsed time spent in this place.
 B = Non-inter-level travel time spent in this place.
 C = Inter-level travel time spent in this place.
 D = Time resting spent in this place.
 E = Time spent auto-exploring this place.
 F = Levels seen in this place.
 G = Mean time per level.
                   A        B        C        D        E       F      G
               +--------+--------+--------+--------+--------+-----+--------+
         Total |    221 |    221 |      0 |      0 |    160 |   1 |  221.0 |
       Dungeon |    221 |    221 |      0 |      0 |    160 |   1 |  221.0 |
               +--------+--------+--------+--------+--------+-----+--------+

Top non-repeatable levels by time:
     D:1: 221 daAuts
